 Dungeon Crawl Stone Soup version 0.28-a0-1415-g7c84da036a (webtiles) character file.

Game seed: 4994443345224965759

10959 vineage the Fighter (level 11, -6/77 HPs)
             Began as a Gargoyle Fighter on Jan 7, 2022.
             Was a High Priest of Okawaru.
             Mangled by a boulder beetle (20 damage)
             ... on level 11 of the Dungeon.
             The game lasted 00:18:16 (15096 turns).

vineage the Fighter (Gargoyle Fighter)             Turns: 15096, Time: 00:18:17

Health: -6/77      AC: 28    Str: 26    XL:     11   Next: 70%
Magic:  12/14      EV:  8    Int:  9    God:    Okawaru [*****.]
Gold:   732        SH: 14    Dex: 13    Spells: 10/10 levels left

rFire   . . .      SeeInvis .   r - +2 flail
rCold   + . .      Faith    .   w - +2 kite shield
rNeg    + . .      Spirit   .   h - +1 plate armour {rC+}
rPois   ∞          Reflect  .   j - +2 hat
rElec   +          Harm     .   (no cloak)
rCorr   .          Rampage  .   (no gloves)
Will    +....                   x - +0 pair of boots
Stlth   ..........              (no amulet)
HPRegen 0.22/turn               d - +6 ring of strength
MPRegen 0.14/turn               m - ring of willpower

@: heroic
A: sickness immunity, AC +8, negative energy resistance 1, electricity
resistance, torment resistance 1, petrification resistance
a: Renounce Religion, Heroism, Finesse, Duel


You were on level 11 of the Dungeon.
You worshipped Okawaru.
Okawaru was extremely pleased with you.
You visited 1 branch of the dungeon, and saw 11 of its levels.

You collected 732 gold pieces.

Inventory:

Hand Weapons
 p - a +0 antimagic whip
 r - a +2 flail (weapon)
Armour
 b - a +0 scale mail
 h - a +1 plate armour of cold resistance (worn)
 j - a +2 hat (worn)
 w - a +2 kite shield (worn)
 x - a +0 pair of boots (worn)
Jewellery
 c - a ring of willpower
 d - a +6 ring of strength (left hand)
 f - an amulet of faith
 m - a ring of willpower (right hand)
Wands
 e - a wand of paralysis (12)
 n - a wand of flame (2)
 q - a wand of digging (3)
 s - a wand of iceblast (10)
 y - a wand of acid (1)
 z - a wand of mindburst (6)
Scrolls
 a - 2 scrolls of identify
 t - a scroll of enchant armour
 u - a scroll of teleportation
 v - a scroll of brand weapon
 B - a scroll of silence
Potions
 g - a potion of magic
 i - 3 potions of attraction
 k - a potion of cancellation
 l - a potion of resistance {unknown}
 o - a potion of haste
 A - a potion of berserk rage {unknown}


   Skills:
 + Level 12.9(17.9) Fighting
 + Level 10.1(15.1) Maces & Flails
 - Level 8.0(13.0) Armour
 - Level 8.0(13.0) Shields
 + Level 4.0 Invocations


You had 10 spell levels left.
You didn't know any spells.
Your spell library contained the following spells:

 Spells                   Type           Power      Damage    Failure   Level
 Beastly Appendage        Tmut           0%         N/A       99%         1
 Magic Dart               Conj           0%         1d3       99%         1
 Pain                     Necr           0%         1d4       99%         1
 Shock                    Conj/Air       0%         1d3       99%         1
 Searing Ray              Conj           0%         2d4       100%        2
 Wereblood                Tmut           0%         N/A       100%        2
 Spider Form              Tmut/Pois      0%         N/A       100%        3
 Swiftness                Air            0%         N/A       100%        3
 Vampiric Draining        Necr           0%         2d6       100%        3
 Airstrike                Air            0%         N/A       100%        4
 Fulminant Prism          Conj/Hex       0%         3d6       100%        4
 Lightning Bolt           Conj/Air       0%         1d11      100%        5
 Animate Skeleton         Necr           Unusable   N/A       N/A         1
 Summon Lightning Spire   Summ/Air       Unusable   N/A       N/A         4

Dungeon Overview and Level Annotations

Branches:
Dungeon (11/15)            Temple (0/1) D:5             Orc (0/2) D:10
   Lair: D:8-11

Altars:
Makhleb
Okawaru
Qazlal
Sif Muna
Uskayaw
Xom

Shops:
D:6 (   D:10 [

Annotations:
D:9 exclusion: obsidian statue


Innate Abilities, Weirdness & Mutations

You are immune to sickness and miasma.
Your stone body is resilient. (AC +8)
You are immune to poison.
You resist negative energy. (rN+)
You are resistant to electric shocks. (rElec)
You are resistant to unholy torment.
You are immune to petrification.


Message History

The boulder beetle leaps!
The boulder beetle leaps!
The boulder beetle leaps!
The boulder beetle leaps!
The boulder beetle bites you!!
You hit the boulder beetle.
The boulder beetle is almost dead.
The boulder beetle barely misses you.
You hit the boulder beetle but do no damage.
The boulder beetle is almost dead.
You hit the boulder beetle but do no damage.
The boulder beetle is almost dead.
The boulder beetle leaps!
You feel like a meek peon again.
The boulder beetle leaps!
The boulder beetle curls into a ball and begins rolling!
The boulder beetle hits you!!
* * * LOW HITPOINT WARNING * * *
The boulder beetle stops rolling and uncurls.
You are too injured to fight recklessly!
You are too injured to fight recklessly!
You are too injured to fight recklessly!
You are too injured to fight recklessly!
You are too injured to fight recklessly!
You are too injured to fight recklessly!
You are too injured to fight recklessly!
You are too injured to fight recklessly!
You are too injured to fight recklessly!
You are too injured to fight recklessly!
You are too injured to fight recklessly!
You are too injured to fight recklessly!
You are too injured to fight recklessly!
You are too injured to fight recklessly!
Okay, then.
You gain the combat prowess of a mighty hero.
The boulder beetle bites you but does no damage.
You hit the boulder beetle.
The boulder beetle is almost dead.
The boulder beetle bites you!!
You die...

#.......####.####
######### #.#
###'########
#......!...#
#..........#
#..........#
#..........+
#......$...#
#.....@....#
+......B...#
#....>.....#
############


You could see a boulder beetle.

Vanquished Creatures
  2 two-headed ogres
  Pikel (D:5)
  3 kobold demonologists
  A hornet (D:9)
  Prince Ribbit (D:7)
  A troll (D:10)
  Sigmund (D:4)
  A wyvern (D:10)
  8 yaks
  2 wraiths (D:9)
  A steam dragon (D:9)
  Grum (D:10)
  Menkaure (D:4)
  3 wargs (D:10)
  A black bear (D:5)
  2 ice beasts
  3 orc warriors
  3 necrophages
  3 ogres
  2 centaurs
  4 wolves (D:10)
  14 kobold brigands
  2 phantoms
  A lemure (D:5)
  3 bullfrogs
  2 gnoll sergeants
  A wyvern zombie (D:7)
  2 scorpions
  A water moccasin zombie (D:5)
  15 killer bees
  8 wights (D:8)
  2 bullfrog zombies
  2 centaur zombies
  3 hounds
  3 jellies
  6 orc priests
  A centaur skeleton (D:7)
  4 iguanas
  9 orc wizards
  A scorpion zombie (D:5)
  A killer bee zombie (D:6)
  Robin (D:4)
  A howler monkey zombie (D:7)
  10 gnolls
  A howler monkey skeleton (D:7)
  6 adders
  A white imp (D:5)
  3 ufetubi
  A worm (D:2)
  3 dart slugs
  50 orcs
  7 endoplasms
  11 goblins
  12 hobgoblins
  4 jackals
  3 quokkas (D:5)
  7 ball pythons
  6 bats
  2 frilled lizards
  42 kobolds
  4 rats
301 creatures vanquished.

Notes
Turn   | Place    | Note
-------+----------+-------------------------------------------
     0 | D:1      | vineage the Gargoyle Fighter began the quest for the Orb.
     0 | D:1      | Reached XP level 1. HP: 14/14 MP: 1/1
   567 | D:1      | Reached XP level 2. HP: 20/20 MP: 2/2
   601 | D:1      | Reached skill level 4 in Fighting
  1145 | D:2      | Reached XP level 3. HP: 20/24 MP: 3/3
  1789 | D:3      | Reached skill level 5 in Fighting
  1797 | D:3      | Found an iron altar of Okawaru.
  1814 | D:3      | Found a stormy altar of Qazlal.
  1822 | D:3      | Became a worshipper of Warmaster Okawaru
  1837 | D:3      | Reached XP level 4. HP: 29/31 MP: 4/4
  2010 | D:3      | Found a faded altar of an unknown god.
  2421 | D:4      | Reached skill level 6 in Fighting
  2421 | D:4      | Reached XP level 5. HP: 36/36 MP: 5/5
  2485 | D:4      | Noticed Sigmund
  2515 | D:4      | Killed Sigmund
  2516 | D:4      | Reached skill level 7 in Fighting
  2516 | D:4      | Reached XP level 6. HP: 18/44 MP: 6/6
  2736 | D:4      | Noticed Robin
  2737 | D:4      | Noticed Menkaure
  2774 | D:5      | Entered Level 5 of the Dungeon
  3107 | D:5      | Found a staircase to the Ecumenical Temple.
  3194 | D:5      | Reached skill level 8 in Fighting
  3335 | D:5      | Reached * piety under Okawaru
  3336 | D:5      | Reached XP level 7. HP: 42/50 MP: 7/7
  3509 | D:4      | Killed Menkaure
  3510 | D:4      | Reached skill level 9 in Fighting
  4102 | D:4      | Killed Robin
  4489 | D:5      | Reached skill level 10 in Fighting
  4632 | D:5      | Reached XP level 8. HP: 58/58 MP: 8/8
  5276 | D:5      | Reached ** piety under Okawaru
  5891 | D:6      | Noticed Pikel
  5933 | D:5      | Killed Pikel
  5934 | D:5      | Reached skill level 5 in Armour
  5934 | D:5      | Reached skill level 5 in Shields
  5934 | D:5      | Reached XP level 9. HP: 39/63 MP: 9/9
  6530 | D:6      | Found Kalipno's Antique Weapon Shop.
  6535 | D:6      | Found a hide-covered altar of Uskayaw.
  7050 | D:6      | Reached skill level 5 in Maces & Flails
  7882 | D:6      | Found a burning altar of Makhleb.
  8090 | D:6      | You fall into a shaft and drop 2 floors!
  8416 | D:8      | Noticed a kobold demonologist
  8416 | D:8      | Noticed a kobold demonologist
  8494 | D:7      | Reached *** piety under Okawaru
  9399 | D:7      | Reached XP level 10. HP: 65/68 MP: 10/10
  9648 | D:7      | Noticed Prince Ribbit
  9676 | D:7      | Killed Prince Ribbit
  9932 | D:7      | Reached **** piety under Okawaru
 10280 | D:7      | Killed a kobold demonologist
 10288 | D:8      | Killed a kobold demonologist
 10900 | D:8      | Reached skill level 11 in Fighting
 11620 | D:9      | Noticed a two-headed ogre
 11646 | D:8      | Killed a two-headed ogre
 11646 | D:8      | Reached ***** piety under Okawaru
 11646 | D:8      | Received a gift from Okawaru
 12130 | D:9      | Noticed a two-headed ogre
 12140 | D:9      | Reached XP level 11. HP: 48/76 MP: 11/11
 12148 | D:9      | Reached skill level 12 in Fighting
 12179 | D:8      | Received a gift from Okawaru
 12408 | D:9      | Killed a two-headed ogre
 12641 | D:9      | Found a shimmering blue altar of Sif Muna.
 12753 | D:9      | Noticed an obsidian statue
 12765 | D:9      | Identified the +4 trident of Dugamp {freeze, rPois Will-
                  | MP+9 Str+4}
 12781 | D:9      | Found a shimmering altar of Xom.
 12992 | D:9      | Reached skill level 1 in Invocations
 13430 | D:10     | Entered Level 10 of the Dungeon
 14237 | D:10     | Noticed Grum
 14268 | D:10     | Killed Grum
 14556 | D:10     | Reached skill level 10 in Maces & Flails
 14900 | D:10     | Found Taihod's Antique Armour Shoppe.
 14904 | D:10     | Found a staircase to the Orcish Mines.
 15066 | D:11     | Noticed a boulder beetle
 15096 | D:11     | Mangled by a boulder beetle

Illustrated notes

Levels and vault maps discovered:
D:1:      minmay_arrival_open_corners, layout_loops_ring
D:2:      layout_basic
D:3:      layout_basic, nicolae_overflow_squiral, ebering_ecumenical_altar_box
D:4:      layout_gridville, uniq_sigmund, uniq_menkaure, uniq_robin
D:5:      layout_loops_ring, minmay_temple_entry_trees,
          corexii_item_surrounded_by_moat, minmay_misc_feat_ornament,
          minmay_small_thing
D:6:      layout_layer_cave, lemuel_crystal_altar, mainiacjoe_overflow_chevrons,
          serial_shops, shop, minmay_misc_feat_secret_circle,
          minmay_misc_feat_chi, uniq_pikel
D:7:      layout_loops_corners, serial_bayou_pond_d, uniq_prince_ribbit1
D:8:      layout_loops_ring, eino_jars
D:9:      layout_loops_cross, mainiacjoe_overflow_alcove_4,
          mainiacjoe_overflow_surrounded_room, hangedman_abyss_or_decor_stabs,
          minmay_statue_bubble
D:10:     layout_roguey [special_room_orc], minmay_orc_entry_guard_dogs,
          special_room [special_room_kobold], serial_shops,
          kennysheep_mini_moat, uniq_grum
D:11:     layout_roguey, lair_entry_dummy, serial_glass, glass_columns_b,
          glass_columns_a, glass_columns_a, glass_columns_b, glass_columns_a,
          glass_columns_a, trog_antimagical, uniq_erolcha

Skill      XL: |  1  2  3  4  5  6  7  8  9 10 11 |
---------------+----------------------------------+-----
Fighting       | 4 5 6 7 8 10 11 12 | 12.9
Armour         | 5 7 8 |  8.0
Shields        | 5 7 8 |  8.0
Maces & Flails | 4 6 8 10 | 10.1
Invocations    | 4 |  4.0

Action                   |  1- 3 |  4- 6 |  7- 9 | 10-12 || total
-------------------------+-------+-------+-------+-------++-------
Melee: Flail             |    95 |       |   120 |   639 ||   854
       Mace              |    21 |    94 |   340 |       ||   455
       Whip              |       |       |    45 |       ||    45
Invok: Heroism           |       |       |    11 |    10 ||    21
  Use: Scroll            |     8 |     1 |     5 |     7 ||    21
       Potion            |       |     4 |       |     3 ||     7
Armor: Scale mail        |    56 |    68 |   289 |   188 ||   601
       Skin              |       |    57 |       |       ||    57
       Plate armour      |       |       |       |   145 ||   145
Dodge: Dodged            |    59 |    41 |   204 |   206 ||   510
Block: Buckler           |    28 |    38 |   132 |       ||   198
       Kite shield       |       |       |    40 |   515 ||   555

Table legend: (Time is in decaauts)
 A = Elapsed time spent in this place.
 B = Non-inter-level travel time spent in this place.
 C = Inter-level travel time spent in this place.
 D = Time resting spent in this place.
 E = Time spent auto-exploring this place.
 F = Levels seen in this place.
 G = Mean time per level.
                   A        B        C        D        E       F      G
               +--------+--------+--------+--------+--------+-----+--------+
         Total |  15321 |  14766 |    555 |   3582 |   8328 |  11 | 1392.8 |
       Dungeon |  15321 |  14766 |    555 |   3582 |   8328 |  11 | 1392.8 |
               +--------+--------+--------+--------+--------+-----+--------+

Top non-repeatable levels by time:
     D:6: 2551 daAuts
     D:5: 2190 daAuts
     D:8: 2042 daAuts
     D:7: 1573 daAuts
    D:10: 1524 daAuts
     D:4: 1450 daAuts
     D:9: 1411 daAuts
     D:1: 892 daAuts
     D:2: 847 daAuts
     D:3: 706 daAuts
    D:11: 129 daAuts
